 Dungeon Sprint DCSS version 0.21.1-1-g345015f (webtiles) character file.

3200000 Fang the Axe Maniac (level 19, -28/207 HPs)
             Began as a Minotaur Gladiator on May 3, 2018.
             Was an Elder of Makhleb.
             Annihilated by a destroyer
             ... wielding a +9 great sword of slicing
              (214 damage)
             ... in the Dungeon (Sprint VIII: "Arena of Blood").
             The game lasted 00:00:31 (32 turns).

Fang the Axe Maniac (Minotaur Gladiator)              Turns: 32, Time: 00:00:31

Health: -28/207    AC:  6    Str: 28    XL:     19   Next: 4%
Magic:  17/34      EV: 27    Int:  5    God:    Makhleb [****..]
Gold:   0          SH:  0    Dex: 11    Spells: 43/43 levels left

rFire    . . .     SeeInvis .   l - +∞ Axe of Woe
rCold    . . .     Gourm    .   (shield currently unavailable)
rNeg     . . .     Faith    .   b - +0 leather armour
rPois    .         Spirit   .   c - +0 hat
rElec    .         Reflect  .   (no cloak)
rCorr    .         Harm     .   (no gloves)
MR       +....     NoTele   +   (no boots)
Stlth    ++++++....             (no amulet)
HPRegen  0.44/turn              (no ring)
MPRegen  0.24/turn              (no ring)

@: no status effects
A: retaliatory headbutt, horns 2
a: Minor Destruction, Lesser Servant of Makhleb, Major Destruction, Renounce
Religion


You were in the Dungeon.
You worshipped Makhleb.
Makhleb was greatly pleased with you.
You were not hungry.

You visited 1 branch

Inventory:

Hand Weapons
 a - a +0 war axe
 l - the +∞ Axe of Woe (weapon)
   (You found it in the Dungeon)
Missiles
 d - 3 throwing nets (quivered)
Armour
 b - a +0 leather armour (worn)
 c - a +0 hat (worn)
Scrolls
 k - a scroll of blinking
Potions
 e - a potion of curing
 g - a potion of heal wounds
 h - a potion of haste
 i - 2 potions of magic
 j - a potion of berserk rage
Comestibles
 f - a ration


   Skills:
 O Level 27 Fighting
 O Level 27 Axes
 O Level 27 Throwing
 O Level 27 Armour
 O Level 27 Dodging
 + Level 15.7 Stealth
 + Level 18.2 Unarmed Combat
 + Level 12.6 Spellcasting
 + Level 16.9 Invocations


You had 43 spell levels left.
You didn't know any spells.

Dungeon Overview and Level Annotations

Branches:
Dungeon (1/1)

Altars:
Makhleb


Innate Abilities, Weirdness & Mutations

You reflexively headbutt those who attack you in melee.
You have a pair of horns on your head.


Message History

You hear a shout! x3
The meat berserker rages.
You hear a shout! x2 2 orcs come into view.
Unknown command.
The bag of meat shouts!
You hear a shout! x10
The destroyer appears out of thin air!
A destroyer comes into view.
It is wielding a +9 great sword of slicing.
An ogre and a vampire knight come into view.
The destroyer is wielding a +9 great sword of slicing.
Things that are here:
a +9 battleaxe; a +30 ring of slaying; a meat berserker corpse You hear a shout! x5
The destroyer blinks!
You hear a shout! x6
A destroyer comes into view.
It is wielding a +9 great sword of slicing.
You hear a shout! x3
The destroyer hits you with a +9 great sword of slicing!!!!!
Ouch! That really hurt!
You die...

...###... ..###.
........###......
#........_.......
......#.....# .V.
......#_.<._#....
......#....)#....
#.......)_).......
......o)###..O....
...###.).@...###..
. #.O))V..# .
#.oo....#
....O.ooo......
...............o
..o.....o......#
......OO..V..##.
...#....O...#..
............#..


You could see 3 destroyers, 2 large bags of meat, 4 meat berserkers and 9 bags
of meat.

Vanquished Creatures
  7 ogres (D)
  6 orcs (D)
13 creatures vanquished.

Notes
Turn   | Place    | Note
-------+----------+-------------------------------------------
     0 | D        | Found the +∞ Axe of Woe
     0 | D        | Fang the Minotaur Gladiator began the quest for the Orb.
     0 | D        | Reached XP level 1. HP: 18/18 MP: 0/0
     3 | D        | Noticed a bag of meat
     4 | D        | Became a worshipper of Makhleb the Destroyer
     6 | D        | Noticed a bag of meat
     7 | D        | Noticed a bag of meat
     7 | D        | Noticed a bag of meat
     7 | D        | Noticed a meat berserker
     8 | D        | Killed a meat berserker
     8 | D        | Reached XP level 2. HP: 45/45 MP: 1/1
     8 | D        | Reached XP level 3. HP: 51/51 MP: 2/2
     8 | D        | Reached XP level 4. HP: 59/59 MP: 3/3
     8 | D        | Reached XP level 5. HP: 66/66 MP: 4/4
     8 | D        | Reached XP level 6. HP: 73/73 MP: 5/5
     8 | D        | Reached XP level 7. HP: 80/80 MP: 6/6
     8 | D        | Reached XP level 8. HP: 88/88 MP: 7/7
     8 | D        | Reached XP level 9. HP: 94/94 MP: 8/8
     8 | D        | Reached XP level 10. HP: 102/102 MP: 9/9
     8 | D        | Reached XP level 11. HP: 108/108 MP: 10/10
     8 | D        | Reached XP level 12. HP: 116/116 MP: 11/11
     8 | D        | Reached XP level 13. HP: 123/123 MP: 12/12
    10 | D        | Killed a bag of meat
    10 | D        | Reached * piety under Makhleb
    10 | D        | Reached skill level 15 in Fighting
    11 | D        | Noticed a meat berserker
    11 | D        | Noticed a meat berserker
    12 | D        | Killed a bag of meat
    12 | D        | Reached skill level 27 in Axes
    12 | D        | Reached skill level 1 in Armour
    12 | D        | Reached XP level 14. HP: 124/137 MP: 13/13
    13 | D        | Noticed a meat berserker
    13 | D        | Noticed a bag of meat
    13 | D        | Killed a meat berserker
    13 | D        | Reached skill level 5 in Armour
    13 | D        | Reached skill level 27 in Dodging
    13 | D        | Reached XP level 15. HP: 155/155 MP: 14/14
    15 | D        | Killed a meat berserker
    15 | D        | Reached ** piety under Makhleb
    16 | D        | Killed a meat berserker
    16 | D        | Reached skill level 27 in Fighting
    16 | D        | Reached XP level 16. HP: 183/183 MP: 15/15
    22 | D        | Noticed a meat berserker
    22 | D        | Reached *** piety under Makhleb
    22 | D        | Reached skill level 27 in Throwing
    22 | D        | Reached XP level 17. HP: 191/191 MP: 16/16
    23 | D        | Noticed a meat berserker
    25 | D        | Noticed a meat berserker
    27 | D        | Killed a meat berserker
    27 | D        | Reached **** piety under Makhleb
    27 | D        | Reached skill level 27 in Armour
    27 | D        | Reached XP level 18. HP: 200/200 MP: 17/17
    28 | D        | Noticed a meat berserker
    28 | D        | Noticed a large bag of meat
    29 | D        | Noticed a meat berserker
    29 | D        | Noticed a large bag of meat
    29 | D        | Noticed a meat berserker
    29 | D        | Killed a meat berserker
    29 | D        | Reached skill level 15 in Unarmed Combat
    29 | D        | Reached skill level 10 in Spellcasting
    29 | D        | Killed a meat berserker
    29 | D        | Reached skill level 15 in Stealth
    29 | D        | Reached XP level 19. HP: 184/207 MP: 17/34
    31 | D        | Noticed a meat berserker
    31 | D        | Noticed a destroyer
    31 | D        | Noticed a destroyer
    32 | D        | Noticed a destroyer
    32 | D        | Annihilated by a destroyer

Skill      XL: |  1  2  3  4  5  6  7  8  9 10 11 12 13 14 15 16 17 18 |
---------------+-------------------------------------------------------+-----
Fighting       | 13 16 19 27 | 27.0
Axes           | 23 27 | 27.0
Throwing       | 11 13 16 23 27 | 27.0
Dodging        | 21 24 27 | 27.0
Armour         | 1 5 12 17 27 | 27.0
Stealth        | 15 | 15.7
Unarmed Combat | 18 | 18.2
Spellcasting   | 12 | 12.6
Invocations    | 16 | 16.9

Action                   |  1- 3 |  4- 6 |  7- 9 | 10-12 | 13-15 | 16-18 | 19-21 || total
-------------------------+-------+-------+-------+-------+-------+-------+-------++-------
Melee: Executioner's axe |     1 |       |       |       |     5 |     5 |       ||    11
Dodge: Dodged            |       |       |       |       |       |     1 |       ||     1
